 Dungeon Crawl Stone Soup version 0.19.0-19-g8c6edcc (webtiles) character file.

4470 Lochraine the Arsonist (level 10, 0/121 HPs)
             Began as a Grey Draconian Fire Elementalist on Nov 11, 2016.
             Was a Believer of Ashenzari.
             Slain by a black mamba (10 damage)
             ... on level 1 of the Lair of Beasts on Nov 12, 2016.
             The game lasted 00:27:51 (10723 turns).

Lochraine the Arsonist (DrFE)                      Turns: 10723, Time: 00:27:52

Health: 0/121      AC: 32    Str: 11    XL:     10   Next: 15%
Magic:  6/20       EV:  2    Int: 19    God:    Ashenzari [**....]
Gold:   441        SH:  0    Dex: 14    Spells: 4 memorised, 13 levels left

rFire  . . .     SeeInvis .     n - +2 mace (protect)
rCold  . . .     Gourm    .     (armour unavailable)
rNeg   + + +     Faith    .     (no shield)
rPois  +         Spirit   .     (helmet currently unavailable)
rElec  .         Reflect  .     (cloak currently unavailable)
rCorr  .         Harm     .     (gloves currently unavailable)
MR     .....     NoTele   +     (boots currently unavailable)
Stlth  ++........               (no amulet)
                                F - +3 ring of dexterity
                                E - +4 ring of evasion

@: tree-form, protection aura
A: (walk through water), unfitting armour, (unbreathing), (cold-blooded), AC +12
a: Curse Item, Scrying, Renounce Religion


You were on level 1 of the Lair of Beasts.
You worshipped Ashenzari.
Ashenzari was pleased with you.
You were hungry.
You were a tree.
You visited 2 branches of the dungeon, and saw 9 of its levels.

You collected 441 gold pieces.

Inventory:

Hand Weapons
 c - a +0 dagger
 n - a +2 mace of protection (weapon)
 s - a +0 short sword of venom
Armour
 l - a cursed +0 pair of boots (melded)
 r - a cursed +0 cloak (melded)
Jewellery
 E - a +4 ring of evasion (left branch)
 F - a +3 ring of dexterity (right branch)
Wands
 A - a wand of acid (3/15)
 D - a wand of polymorph (15/24)
Scrolls
 d - 5 scrolls of identify
 e - 3 scrolls of teleportation {unknown}
 g - a scroll of recharging {unknown}
 h - a scroll of enchant weapon {unknown}
 j - 4 scrolls of fog {unknown}
 m - 3 scrolls of enchant armour {unknown}
 p - 4 scrolls of fear {unknown}
 q - 4 scrolls of remove curse
 u - a scroll of amnesia {unknown}
 x - a scroll of random uselessness {unknown}
 y - 4 scrolls of immolation {unknown}
 G - a scroll of blinking {unknown}
Potions
 t - a potion of invisibility
 v - 2 potions of curing
 C - a potion of cure mutation {unknown}
Books
 a - a book of Flames

   Spells                             Type                      Level
   a - Flame Tongue                   Conjuration/Fire             1
   b - Throw Flame                    Conjuration/Fire             2
   c - Conjure Flame                  Conjuration/Fire             3
   d - Inner Flame                    Hexes/Fire                   3
   e - Sticky Flame                   Conjuration/Fire             4
   f - Fireball                       Conjuration/Fire             5
 o - a book of Cantrips

   Spells                             Type                      Level
   a - Confusing Touch                Hexes                        1
   b - Animate Skeleton               Necromancy                   1
   c - Summon Small Mammal            Summoning                    1
   d - Apportation                    Translocation                1
Comestibles
 b - 5 bread rations
 f - 12 fruits
 i - a royal jelly
 w - 2 slices of pizza
 B - 2 meat rations


   Skills:
 + Level 5.5 Fighting
 + Level 4.7 Dodging
 - Level 1.7 Stealth
 + Level 7.2 Spellcasting
 + Level 7.6 Conjurations
 + Level 8.0 Fire Magic


You had 13 spell levels left.
You knew the following spells:

 Your Spells              Type           Power        Failure   Level  Hunger
a - Flame Tongue          Conj/Fire      #####        1%          1    None
b - Conjure Flame         Conj/Fire      #####...     1%          3    #......
c - Throw Flame           Conj/Fire      #####.       1%          2    None
d - Sticky Flame          Conj/Fire      #####...     4%          4    ###....


Dungeon Overview and Level Annotations

Branches:
Dungeon (8/15)             Temple (0/1) D:4            Lair (1/6) D:8

Altars:
Ashenzari
Hepliaklqana
Nemelex Xobeh
Sif Muna
Trog
Yredelemnul
The Shining One

Annotations:
D:4 Blork the orc, Robin, Sigmund


Innate Abilities, Weirdness & Mutations

((You can walk through water.))
((Your dull iron-grey scales are very hard. (AC +12)))
You cannot fit into any form of body armour.
((You can survive without breathing.))
((You are cold-blooded and may be slowed by cold attacks.))


Message History

You miss the black mamba.
The black mamba is severely wounded.
The black mamba bites you but does no damage. x2
The crocodile bites you!
* * * LOW HITPOINT WARNING * * *
The black mamba bites you but does no damage.
The crocodile bites you but does no damage.
You barely miss the black mamba.
The black mamba is severely wounded.
The black mamba barely misses you. The black mamba bites you.
* * * LOW HITPOINT WARNING * * *
The crocodile bites you but does no damage.
You feel better.
The black mamba bites you but does no damage. x2
The crocodile bites you but does no damage.
You hit the black mamba but do no damage.
Your weapon exudes an aura of protection.
The black mamba is severely wounded.
The black mamba bites you!
You die...

..# #..............## **
, ..# ##..............#
*, , ..#
#.............### *, ,*
### ##...........## , *
.P####..........P# * ,,
....##.........### # ,.
..............## .#... *
.##.#........#####......,
.######.........♣t......
* ## ##..#.#..S##......
.* ##P##...## ..... * ##
####..## *,#... ...## **
.. *.... *# #...., ,
..... , ...#.., ,


You could see a black mamba and a crocodile.

Vanquished Creatures
  The ghost of tsouns the Cleaver, a novice MiWr of Yredelemnul (D:7)
  A centaur skeleton (D:7)
  A hippogriff (D:7)
  A basilisk (Lair:1)
  A hungry ghost (D:7)
  A water moccasin (D:8)
  A porcupine (Lair:1)
  2 black bears
  2 orc warriors (D:5)
  An eye of draining (D:8)
  5 ogres
  4 phantoms
  3 centaurs
  A crocodile (D:7)
  5 bullfrogs
  A scorpion (D:5)
  A howler monkey (D:4)
  4 wights (D:8)
  A crimson imp (D:6)
  A quasit (D:7)
  3 orc priests
  A jelly (D:8)
  2 hounds
  3 orc wizards
  6 worker ants
  2 iguanas
  A hound skeleton (D:7)
  2 hound zombies
  13 adders
  A shadow imp (D:8)
  2 oozes
  5 worms
  2 dart slugs
  7 leopard geckos
  17 orcs
  3 giant cockroaches
  5 goblins
  14 hobgoblins
  16 jackals
  3 quokkas
  3 ball pythons
  7 bats
  5 frilled lizards
  5 kobolds
  A leopard gecko skeleton (D:8)
  A quokka skeleton (D:4)
  13 rats
181 creatures vanquished.

Notes
Turn   | Place    | Note
-------+----------+-------------------------------------------
     0 | D:1      | Lochraine the Draconian Fire Elementalist began the quest for the Orb.
     0 | D:1      | Reached XP level 1. HP: 14/14 MP: 3/3
   548 | D:1      | Reached XP level 2. HP: 20/20 MP: 5/5
  1201 | D:1      | Reached XP level 3. HP: 26/26 MP: 6/6
  1792 | D:2      | Reached XP level 4. HP: 17/33 MP: 0/8
  1966 | D:2      | Learned a level 3 spell: Conjure Flame
  1999 | D:2      | Found a shattered altar of Ashenzari.
  1999 | D:2      | Found a bloodstained altar of Trog.
  2004 | D:2      | Became a worshipper of Ashenzari the Shackled
  2770 | D:3      | Reached skill level 4 in Fire Magic
  3514 | D:4      | Noticed Blork the orc
  3570 | D:4      | Reached * piety under Ashenzari
  3589 | D:4      | Found a staircase to the Ecumenical Temple.
  3601 | D:4      | Reached XP level 5. HP: 25/38 MP: 8/10
  4021 | D:4      | Noticed Sigmund
  4128 | D:4      | Noticed Robin
  4180 | D:5      | Entered Level 5 of the Dungeon
  4180 | D:5      | Noticed an ogre
  4293 | D:5      | Noticed a centaur
  4304 | D:5      | Killed a centaur
  4304 | D:5      | Reached XP level 6. HP: 12/45 MP: 4/11
  4808 | D:5      | Learned a level 2 spell: Throw Flame
  4938 | D:5      | Reached skill level 5 in Fire Magic
  5191 | D:5      | Your scales start taking on a dull iron-grey colour.
  5191 | D:5      | Reached XP level 7. HP: 50/50 MP: 2/13
  5191 | D:5      | Gained mutation: You can survive without breathing. [Grey Draconian growth]
  5245 | D:5      | Found a basalt altar of Yredelemnul.
  6472 | D:5      | Upgraded the game from 0.19.0-18-g426998a to 0.19.0-19-g8c6edcc
  6501 | D:5      | Reached skill level 5 in Spellcasting
  6501 | D:5      | Reached skill level 5 in Conjurations
  6915 | D:6      | Reached skill level 6 in Fire Magic
  6915 | D:6      | Reached XP level 8. HP: 57/57 MP: 12/16
  6921 | D:6      | Learned a level 4 spell: Sticky Flame
  7112 | D:6      | Reached skill level 1 in Fighting
  7118 | D:6      | Found a hazy altar of Hepliaklqana.
  7585 | D:7      | Noticed tsouns's ghost (novice MiWr)
  7696 | D:7      | Killed tsouns's ghost
  7696 | D:7      | Reached XP level 9. HP: 67/70 MP: 1/18
  7872 | D:7      | Reached skill level 7 in Fire Magic
  8666 | D:8      | Found a staircase to the Lair.
  8669 | D:8      | Reached ** piety under Ashenzari
  8993 | D:8      | Reached skill level 5 in Fighting
  9502 | D:8      | Reached XP level 10. HP: 56/81 MP: 12/20
  9706 | D:8      | Found a glowing golden altar of the Shining One.
  9714 | D:8      | Found a deep blue altar of Sif Muna.
  9767 | D:8      | Found a sparkling altar of Nemelex Xobeh.
 10072 | Lair:1   | Entered Level 1 of the Lair of Beasts
 10378 | Lair:1   | Reached skill level 8 in Fire Magic
 10696 | Lair:1   | Noticed a black mamba
 10720 | Lair:1   | HP: 3/121 [crocodile (9)]
 10721 | Lair:1   | HP: 1/121 [black mamba (3)]
 10723 | Lair:1   | Slain by a black mamba

Skill      XL: |  1  2  3  4  5  6  7  8  9 10 |
---------------+-------------------------------+-----
Conjurations   | 2 3 4 5 6 7 |  7.6
Spellcasting   | 3 4 5 6 7 |  7.2
Fire Magic     | 4 5 6 7 8 |  8.0
Fighting       | 3 5 |  5.5
Dodging        | 2 4 |  4.7
Stealth        | |  1.7

Action                   |  1- 3 |  4- 6 |  7- 9 | 10-12 || total
-------------------------+-------+-------+-------+-------++-------
Melee: Dagger            |   107 |       |       |       ||   107
       Tailslap          |     8 |    15 |    18 |     4 ||    45
       Mace              |    17 |    42 |   210 |    38 ||   307
       Short sword       |       |    85 |    46 |       ||   131
 Cast: Flame Tongue      |    44 |    54 |   189 |    29 ||   316
       Conjure Flame     |       |     5 |     4 |       ||     9
       Throw Flame       |       |       |    25 |     7 ||    32
       Sticky Flame      |       |       |     1 |       ||     1
Evoke: Wand              |       |       |     2 |       ||     2
  Use: Scroll            |       |     1 |     2 |       ||     3
       Potion            |       |       |       |     4 ||     4
 Stab: Sleeping          |     3 |     3 |     2 |       ||     8
  Eat: Chunk             |     3 |     7 |    13 |     2 ||    25
       Meat ration       |       |     1 |       |       ||     1
       Beef jerky        |       |       |     1 |       ||     1
       Royal jelly       |       |       |       |     1 ||     1
Armor: Skin              |    61 |    44 |   219 |    50 ||   374
Dodge: Dodged            |   110 |    76 |   269 |    45 ||   500
